 Dungeon Crawl Stone Soup version 0.30-a0-760-g5a9884bb7c (webtiles) character file.

Game seed: 7155420634377215136

1823 jlumianski the Chopper (level 8, -8/63 HPs)
             Began as a Demonspawn Fighter on Feb 10, 2023.
             Was an Initiate of Qazlal.
             Killed from afar by an electric eel (11 damage)
             ... with a bolt of electricity
             ... on level 6 of the Dungeon.
             The game lasted 00:25:09 (5562 turns).

jlumianski the Chopper (Demonspawn Fighter)         Turns: 5562, Time: 00:25:10

Health: -8/63      AC: 12    Str: 18    XL:     8   Next: 85%
Magic:  20/20      EV:  4    Int: 11    God:    Qazlal [......]
Gold:   294        SH: 17    Dex: 16    Spells: 7/7 levels left

rFire   . . .      SeeInvis .    a - +0 war axe
rCold   . . .      Faith    .    v - +3 tower shield "Jazxoel" {+Inv rN+ Will+ MP+9}
rNeg    + . .      Spirit   .    E - +0 chain mail
rPois   .          Reflect  .    x - +1 helmet
rElec   .          Harm     .    (no cloak)
rCorr   .          Rampage  .    (no gloves)
Will    +....                    (no boots)
Stlth   +                        (no amulet)
HPRegen 0.30/turn                (no ring)
MPRegen 0.17/turn                (no ring)

@: no status effects
A: thin skeletal structure 2, demonic guardian 1, powered by pain 2, weakness
stinger 1
a: Renounce Religion, Evoke Invisibility


You were on level 6 of the Dungeon.
You worshipped Qazlal.
Qazlal was noncommittal.
You visited 2 branches of the dungeon, and saw 8 of its levels.

You collected 474 gold pieces.
You spent 180 gold pieces at shops.

Inventory:

Hand Weapons
 a - a +0 war axe (weapon)
 C - a +2 whip of electrocution
Missiles
 q - 29 stones
 t - 7 poisoned darts (quivered)
 B - a boomerang
Armour
 b - a +0 scale mail
 c - a +0 buckler
 h - a +0 cloak
 v - the +3 tower shield "Jazxoel" (worn) {+Inv rN+ Will+ MP+9}
   (You bought it in a shop on level 1 of the Dungeon)

   rN:        It protects you from negative energy.
   MP:        It affects your magic capacity (+9).
   +Inv:      It lets you turn invisible.
   Will:      It increases your willpower.
 x - a +1 helmet (worn)
 E - a +0 chain mail (worn)
Magical Staves
 i - a staff of poison
Jewellery
 f - a ring of flight
Wands
 y - a wand of polymorph (13)
Scrolls
 e - a scroll of immolation {unknown}
 g - a scroll of fog {unknown}
 j - 2 scrolls of magic mapping {unknown}
 n - 3 scrolls of teleportation {unknown}
 p - a scroll of enchant weapon {unknown}
 w - 2 scrolls of identify {unknown}
 F - a scroll of enchant armour {unknown}
Potions
 d - 3 potions of might
 k - 3 potions of lignification {unknown}
 l - 2 potions of berserk rage {unknown}
 m - a potion of resistance {unknown}
 o - a potion of attraction {unknown}
 r - 3 potions of curing {unknown}
 s - 2 potions of mutation {unknown}
 u - 2 potions of haste {unknown}
 z - 3 potions of heal wounds {unknown}
 A - a potion of magic {unknown}
 D - a potion of ambrosia {unknown}


   Skills:
 * Level 5.6 Fighting
 + Level 5.8 Axes
 + Level 0.6 Throwing
 + Level 5.1 Armour
 + Level 1.8 Dodging
 + Level 1.2 Stealth
 + Level 5.3 Shields
 * Level 4.3 Invocations


You had 7 spell levels left.
You didn't know any spells.
Your spell library contained the following spells:

 Spells                   Type           Power      Damage    Failure   Level
 Apportation              Tloc           0%         N/A       100%        1
 Magic Dart               Conj           0%         1d3       100%        1
 Necrotise                Necr           0%         1d4       100%        1
 Summon Small Mammal      Summ           0%         N/A       100%        1
 Call Imp                 Summ           0%         N/A       100%        2
 Searing Ray              Conj           0%         2d4       100%        2
 Hailstorm                Conj/Ice       0%         3d3       100%        3
 Mephitic Cloud           Conj/Pois/Air  0%         N/A       100%        3
 Fulminant Prism          Conj/Hex       0%         3d5       100%        4
 Ice Form                 Ice/Tmut       0%         N/A       100%        4
 Simulacrum               Ice/Necr       0%         N/A       100%        6


Dungeon Overview and Level Annotations

Branches:
Dungeon (7/15)             Temple (1/1) D:4

Altars:
Dithmenos
Hepliaklqana
Nemelex Xobeh
Okawaru
Qazlal
Sif Muna
Trog
Uskayaw
Vehumet
Wu Jian
Xom
Yredelemnul

Shops:
D:1 *!


Innate Abilities, Weirdness & Mutations

You have a moderately thin skeletal structure. (Dex +4, Stealth++)
A weak demonic guardian rushes to your aid.
You sometimes gain power by taking damage.
You have a small tail.


Message History

The bolt of electricity hits the plant!
The plant begins to die.
The bolt of electricity hits the plant.
The plant begins to die.
The bolt of electricity misses you.
You enter the shallow water.
Moving in this stuff is going to be slow.
A nearby plant withers and dies.
The electric eel shoots out a bolt of lightning at you!
The bolt of electricity hits the plant!
The bolt of electricity hits you.
You start resting.
HP restored.
Found a leather armour.
The electric eel shoots out a bolt of lightning at you!
The bolt of electricity hits the plant!
The plant begins to die.
The bolt of electricity hits you. The bolt of electricity hits you!
The electric eel shoots out a bolt of lightning at you!
The bolt of electricity hits you!
A demonic guardian appears!
The bolt of electricity hits you!
The electric eel shoots out a bolt of lightning at you!
The bolt of electricity hits you but does no damage.
The bolt of electricity hits your ufetubus!
Your ufetubus dies!
Your ufetubus disappears in a puff of smoke!
The electric eel shoots out a bolt of lightning at you!
The bolt of electricity hits you!
You slash the electric eel!
The electric eel is heavily wounded.
You hit the plant.
The plant begins to die.
The electric eel shoots out a bolt of lightning at you!
The bolt of electricity hits you!
* * * LOW HITPOINT WARNING * * *
A demonic guardian appears!
The electric eel shoots out a bolt of lightning at you!
The bolt of electricity hits you!
* * * LOW HITPOINT WARNING * * *
You hit the electric eel.
The electric eel is almost dead.
You hit the plant but do no damage.
The electric eel shoots out a bolt of lightning at you!
The bolt of electricity hits you!
You die...

##. ###### ...
#.....## ..
..PPP..# # #[
#.~~...## #.
#.##.~~~P...
#..#..#.P♣~...#
#..##.#.PP~P..###
#.......P~≈P~....
#......@SP≈~..P.~
#####.##.5≈♣PPPPP
###.##~~~≈~PPPP
#...# #.~♣≈♣P♣
... #.#.###~~~≈≈♣
... #.#.....~P♣≈♣
#.#
#.######~P~~≈~~
#.# #####.#
..P~~~P #.#
#>†...# #P.P~P.


You could see an electric eel (ally target) and a friendly shadow imp
(summoned).

Vanquished Creatures
  Pikel (D:5)
  Sigmund (D:5)
  An ice beast (D:5)
  2 black bears (D:6)
  An ogre (D:6)
  2 centaurs (D:6)
  A bullfrog (D:6)
  2 scorpions
  A howler monkey (D:4)
  A hound (D:6)
  2 jellies
  Jessica (D:3)
  A gnoll bouda (D:3)
  2 iguanas (D:5)
  Ijyb (D:5)
  An orc wizard (D:5)
  5 gnolls
  9 adders
  2 worms (D:2)
  A dart slug (D:2)
  10 orcs
  9 endoplasms
  3 giant cockroaches
  5 goblins
  8 hobgoblins
  6 jackals (D:3)
  5 kobolds
  4 quokkas
  6 ball pythons
  6 bats
  3 frilled lizards
  8 rats
111 creatures vanquished.

Vanquished Creatures (collateral kills)
  An orc wizard (D:3)
  Terence (D:3)
2 creatures vanquished.

Vanquished Creatures (others)
  4 fungi (D:6)
  6 plants (D:6)
10 creatures vanquished.

Grand Total: 123 creatures vanquished

Notes
Turn   | Place    | Note
-------+----------+-------------------------------------------
     0 | D:1      | jlumianski the Demonspawn Fighter began the quest for the
                  | Orb.
     0 | D:1      | Reached XP level 1. HP: 18/18 MP: 1/1
   124 | D:1      | Found Taceth's Assorted Antiques.
   173 | D:1      | Gained mutation: You sometimes gain a little power by
                  | taking damage. [demonic ancestry]
   173 | D:1      | Reached XP level 2. HP: 24/24 MP: 2/2
   539 | D:1      | Found Raddiek's Distillery.
   600 | D:2      | Gained mutation: You have a somewhat thin skeletal
                  | structure. (Dex +2, Stealth+) [demonic ancestry]
   600 | D:2      | Reached XP level 3. HP: 15/29 MP: 3/3
   691 | D:3      | Noticed Terence
  1077 | D:2      | Gained mutation: A weak demonic guardian rushes to your
                  | aid. [demonic ancestry]
  1077 | D:2      | Reached XP level 4. HP: 33/35 MP: 4/4
  1758 | D:3      | Killed Terence
  1759 | D:3      | Gained mutation: You have a small tail. [demonic ancestry]
  1759 | D:3      | Reached XP level 5. HP: 15/42 MP: 5/5
  1805 | D:3      | Noticed Jessica
  1869 | D:3      | Killed Jessica
  1904 | D:3      | Found an iron altar of Okawaru.
  2032 | D:1      | Bought a smoking tower shield for 180 gold pieces
  2032 | D:1      | Identified the +3 tower shield "Jazxoel" {+Inv rN+ Will+
                  | MP+9} (You bought it in a shop on level 1 of the Dungeon)
  2383 | D:3      | Gained mutation: You have a moderately thin skeletal
                  | structure. (Dex +4, Stealth++) [demonic ancestry]
  2383 | D:3      | Reached XP level 6. HP: 9/48 MP: 6/6
  2717 | D:4      | Found a staircase to the Ecumenical Temple.
  2731 | Temple   | Entered the Ecumenical Temple
  2978 | D:4      | You fall into a shaft and drop 1 floor!
  2978 | D:5      | Entered Level 5 of the Dungeon
  3073 | D:5      | Noticed an ice beast
  3142 | D:5      | Killed an ice beast
  3251 | D:5      | Noticed Ijyb
  3277 | D:5      | Reached skill level 1 in Dodging
  3277 | D:5      | Gained mutation: You sometimes gain power by taking damage.
                  | [demonic ancestry]
  3277 | D:5      | Reached XP level 7. HP: 52/55 MP: 7/7
  3296 | D:5      | Killed Ijyb
  3385 | D:4      | Found a stormy altar of Qazlal.
  3385 | D:4      | Found a sparkling altar of Nemelex Xobeh.
  3397 | D:4      | Became a worshipper of Qazlal Stormbringer
  4292 | D:5      | Noticed Pikel
  4306 | D:5      | Killed Pikel
  4307 | D:5      | Reached skill level 5 in Fighting
  4307 | D:5      | Reached XP level 8. HP: 28/62 MP: 9/9
  4435 | D:5      | Noticed Sigmund
  4445 | D:5      | Killed Sigmund
  4446 | D:5      | Reached skill level 5 in Axes
  4446 | D:5      | Reached skill level 1 in Stealth
  5128 | D:6      | Reached skill level 5 in Shields
  5134 | D:6      | Reached skill level 5 in Armour
  5561 | D:6      | HP: 2/63 [electric eel/bolt of electricity (11)]
  5562 | D:6      | Killed from afar by an electric eel

Illustrated notes

Levels and vault maps discovered:
D:1:      mrwooster_arrival_statue_3, layout_rooms, serial_shops,
          nicolae_shop_advertising_works [nicolae_subvault_shop_adworks], shop
D:2:      layout_rooms
D:3:      layout_rooms, amcnicky_altar_gilded, uniq_jessica, uniq_terence
D:4:      layout_basic, chequers_temple_overflow_statue_of_worship,
          minmay_temple_entry_trees
D:5:      layout_basic, serial_glass, glass_columns_a, glass_columns_b,
          uniq_sigmund, uniq_ijyb, uniq_pikel
D:6:      layout_loops_cross, nicolae_ru_the_path_less_chosen, serial_aquarium,
          aquarium_bridge_square [aquarium_subvault_bridge,
          aquarium_subvault_bridge, aquarium_subvault_bridge,
          aquarium_subvault_wall], aquarium_window_corner, aquarium_window_2,
          aquarium_window_1, aquarium_view_2g, aquarium_view_2a,
          serial_bayou_lagoon_a
D:7:      lemuel_castle_with_subvaults [lemuel_castle_interior_carwin_1],
          layout_rooms, nicolae_overflow_quartered_altars,
          minmay_misc_feat_secret_circle
Temple:   zaba_magenta_temple

Skill      XL: |  1  2  3  4  5  6  7  8 |
---------------+-------------------------+-----
Shields        | 3 4 5 |  5.3
Armour         | 3 4 5 |  5.1
Axes           | 2 3 4 5 |  5.8
Fighting       | 4 5 |  5.6
Dodging        | 1 |  1.8
Invocations    | 2 4 |  4.3
Stealth        | 1 |  1.2
Throwing       | |  0.6

Action                     |  1- 3 |  4- 6 |  7- 9 || total
---------------------------+-------+-------+-------++-------
  Melee: War axe           |   101 |   148 |   114 ||   363
         Tailslap          |       |     7 |    21 ||    28
  Throw: Dart              |       |    11 |     6 ||    17
   Stab: Sleeping          |       |       |     3 ||     3
 Armour: Scale mail        |    74 |    78 |    13 ||   165
         Chain mail        |       |       |    58 ||    58
  Dodge: Dodged            |    65 |    47 |    26 ||   138
  Block: Buckler           |    21 |    23 |       ||    44
         Tower shield      |       |    87 |   130 ||   217

Table legend: (Time is in decaauts)
 A = Elapsed time spent in this place.
 B = Non-inter-level travel time spent in this place.
 C = Inter-level travel time spent in this place.
 D = Time resting spent in this place.
 E = Time spent auto-exploring this place.
 F = Levels seen in this place.
 G = Mean time per level.
                   A        B        C        D        E       F      G
               +--------+--------+--------+--------+--------+-----+--------+
         Total |   5781 |   5545 |    236 |    478 |   2821 |   8 |  722.6 |
       Dungeon |   5680 |   5444 |    236 |    478 |   2821 |   7 |  811.4 |
        Temple |    101 |    101 |      0 |      0 |      0 |   1 |  101.0 |
               +--------+--------+--------+--------+--------+-----+--------+

Top non-repeatable levels by time:
     D:5: 1359 daAuts
     D:3: 1055 daAuts
     D:4: 990 daAuts
     D:2: 887 daAuts
     D:1: 837 daAuts
     D:6: 539 daAuts
  Temple: 101 daAuts
     D:7: 11 daAuts
